 Dungeon Crawl Stone Soup version 0.27.1-33-g824d729ab1 (webtiles) character file.

Game seed: 5947661210947620182

1012 jlumianski the Chopper (level 8, -16/45 HPs)
             Began as a Gargoyle Monk on Dec 13, 2021.
             Was a Believer of Hepliaklqana.
             Demolished by a two-headed ogre (21 damage)
             ... on level 5 of the Dungeon.
             The game lasted 00:15:02 (4085 turns).

jlumianski the Chopper (Gargoyle Monk)              Turns: 4085, Time: 00:15:03

Health: -16/45     AC: 15    Str: 17    XL:     8   Next: 21%
Magic:  8/8        EV: 25    Int: 11    God:    Hepliaklqana [**....]
Gold:   174        SH:  0    Dex: 12    Spells: 7/7 levels left

rFire    . . .     SeeInvis .   u - +1 hand axe (freeze)
rCold    . . .     Faith    .   (no shield)
rNeg     + . .     Spirit   .   d - +0 scale mail
rPois    ∞         Reflect  .   (no helmet)
rElec    +         Harm     .   (no cloak)
rCorr    .         Rampage  .   g - +2 pair of gloves
Will     .....                  (no boots)
Stlth    +.........             i - amulet of the acrobat
HPRegen  0.15/turn              (no ring)
MPRegen  0.11/turn              (no ring)

@: acrobatic, very slightly contaminated
A: reduced essence, sickness immunity, AC +5, negative energy resistance 1,
electricity resistance, torment resistance 1, petrification resistance
a: Renounce Religion, Recall Ancestor, Ancestor Identity


You were on level 5 of the Dungeon.
You worshipped Hepliaklqana.
Hepliaklqana was pleased with you.
You visited 1 branch of the dungeon, and saw 6 of its levels.

You collected 174 gold pieces.

Inventory:

Hand Weapons
 a - a +0 hand axe
 h - a +0 war axe
 u - a +1 hand axe of freezing (weapon)
Missiles
 c - 143 stones
 j - 14 poisoned darts (quivered)
 o - 2 atropa-tipped darts
Armour
 b - a +0 robe
 d - a +0 scale mail (worn)
 g - a +2 pair of gloves (worn)
 l - a +0 pair of gloves
 n - a +0 chain mail
Jewellery
 i - an amulet of the acrobat (around neck)
Scrolls
 e - 2 scrolls of teleportation
 k - a scroll of fog
 s - a scroll of enchant weapon
 t - a scroll of torment {unknown}
Potions
 m - a potion of magic
 p - a potion of resistance {unknown}
 q - a potion of berserk rage
 r - a potion of curing {unknown}


   Skills:
 + Level 5.7 Fighting
 + Level 6.4 Axes
 + Level 0.6 Throwing
 + Level 4.0 Armour
 + Level 3.1 Dodging
 + Level 3.2 Stealth


You had 7 spell levels left.
You didn't know any spells.
Your spell library contained the following spells:

 Spells                   Type           Power      Damage    Failure   Level
 Gell's Gravitas          Tloc           0%         N/A       98%         3
 Teleport Other           Tloc           0%         N/A       98%         3
 Dispersal                Tloc           0%         N/A       100%        6


Dungeon Overview and Level Annotations

Branches:
Dungeon (6/15)             Temple (0/1) D:5

Altars:
Dithmenos
Fedhas
Gozag
Hepliaklqana
Kikubaaqudgha
Makhleb
Nemelex Xobeh
Trog
Wu Jian
Xom

Annotations:
D:5 3 runed translucent doors, hilljack's ghost, novice GrEE


Innate Abilities, Weirdness & Mutations

Your life essence is reduced to manifest your ancestor. (-10% HP)
You are immune to sickness and miasma.
Your stone body is resilient. (AC +5)
You are immune to poison.
You resist negative energy. (rN+)
You are resistant to electric shocks. (rElec)
You are resistant to unholy torment.
You are immune to petrification.


Message History

The orc priest misses you.
Artakama hits the orc priest with a +0 flail.
The orc priest dies!
The two-headed ogre misses you. The two-headed ogre closely misses you.
Your Armour skill increases to level 4!
You feel less confused.
Artakama hits the two-headed ogre with a +0 flail.
Artakama hits the two-headed ogre with a +0 flail.
The two-headed ogre hits Artakama with a +0 giant club.
The two-headed ogre barely misses Artakama.
Artakama hits the two-headed ogre with a +0 flail!
Artakama hits the two-headed ogre with a +0 flail!
The two-headed ogre hits Artakama with a +0 giant club!!
Artakama is destroyed!
The two-headed ogre shouts in stereo!
The two-headed ogre completely misses you.
The two-headed ogre misses you.
The two-headed ogre completely misses you.
The two-headed ogre barely misses you. The two-headed ogre misses you.
The two-headed ogre barely misses you.
The two-headed ogre completely misses you.
The two-headed ogre misses you.
The two-headed ogre completely misses you. x2
The two-headed ogre misses you.
The two-headed ogre completely misses you.
You flicker for a moment.
The two-headed ogre closely misses you.
The two-headed ogre completely misses you.
The two-headed ogre completely misses you.
The two-headed ogre misses you.
The two-headed ogre completely misses you. x2
The two-headed ogre hits you but does no damage.
The two-headed ogre barely misses you.
You flicker back into view.
The two-headed ogre completely misses you.
The two-headed ogre hits you with a +0 dire flail!
* * * LOW HITPOINT WARNING * * *
The two-headed ogre completely misses you. x2
The two-headed ogre hits you with a +0 giant club!!
You die...

..........
#..................<
#..................#
#............#....##
...........###...#
## ##........##
#...# ..###........#
#...# #......)O...##
#...# #.....@.....#
## #.....).....#
#...........#
#.)..#.......##
#.#####.......# .
#........ ##........
##.........
#.....#....


You could see a two-headed ogre.

Vanquished Creatures
  An ogre (D:3)
  A phantom (D:4)
  A scorpion (D:4)
  4 hounds (D:4)
  A centaur skeleton (D:4)
  2 iguanas (D:4)
  Ijyb (D:4)
  An orc wizard (D:5)
  8 adders
  7 gnolls
  A worm (D:2)
  4 dart slugs
  8 orcs
  6 ball pythons
  6 endoplasms
  A giant cockroach (D:1)
  9 goblins
  10 hobgoblins
  5 kobolds
  3 quokkas
  5 bats
  3 frilled lizards (D:1)
  3 rats
91 creatures vanquished.

Vanquished Creatures (collateral kills)
  A phantom (D:6)
  A scorpion (D:5)
  A centaur zombie (D:5)
  A gnoll shaman (D:5)
  An orc priest (D:5)
  An iguana (D:5)
  4 gnolls
  An adder (D:2)
  4 orcs
  A goblin (D:3)
  2 hobgoblins
  A kobold (D:2)
19 creatures vanquished.

Vanquished Creatures (others)
  A knight (D:5)
1 creature vanquished.

Grand Total: 111 creatures vanquished

Notes
Turn   | Place    | Note
-------+----------+-------------------------------------------
     0 | D:1      | jlumianski the Gargoyle Monk began the quest for the Orb.
     0 | D:1      | Reached XP level 1. HP: 14/14 MP: 1/1
   198 | D:1      | Found a faded altar of an unknown god.
   351 | D:1      | Reached XP level 2. HP: 19/19 MP: 2/2
   562 | D:2      | Reached skill level 3 in Axes
   800 | D:1      | Reached XP level 3. HP: 19/23 MP: 3/3
  1384 | D:2      | Reached XP level 4. HP: 26/29 MP: 4/4
  1704 | D:4      | Reached skill level 4 in Axes
  1704 | D:4      | Reached skill level 1 in Armour
  1704 | D:4      | Reached XP level 5. HP: 18/33 MP: 5/5
  1901 | D:4      | Reached XP level 6. HP: 39/39 MP: 6/6
  2070 | D:4      | Reached skill level 5 in Axes
  2161 | D:4      | Noticed Ijyb
  2213 | D:4      | Found an opulent altar of Gozag.
  2284 | D:4      | Reached XP level 7. HP: 31/44 MP: 7/7
  2489 | D:4      | Reached skill level 5 in Fighting
  2599 | D:3      | Found a bloodstained altar of Trog.
  2600 | D:3      | Found an ornate altar of the Wu Jian Council.
  2600 | D:3      | Found a shadowy altar of Dithmenos.
  2600 | D:3      | Found a hazy altar of Hepliaklqana.
  2600 | D:3      | Found a sparkling altar of Nemelex Xobeh.
  2601 | D:3      | Found a burning altar of Makhleb.
  2603 | D:3      | Found a shimmering altar of Xom.
  2604 | D:3      | Found an ancient bone altar of Kikubaaqudgha.
  2605 | D:3      | Found a blossoming altar of Fedhas.
  2621 | D:3      | Became a worshipper of Hepliaklqana the Forgotten
  2621 | D:3      | Reached * piety under Hepliaklqana
  2621 | D:3      | Reached ** piety under Hepliaklqana
  2622 | D:3      | Remembered your ancestor Artakama as a knight
  3830 | D:4      | Killed Ijyb
  3874 | D:5      | Entered Level 5 of the Dungeon
  3906 | D:5      | Found a runed translucent gate.
  3908 | D:5      | Found a runed translucent gate.
  3908 | D:5      | Found an opulent altar of Gozag.
  3909 | D:5      | Found a runed translucent gate.
  3913 | D:5      | Noticed a wyvern
  3913 | D:5      | Noticed hilljack's ghost (novice GrEE)
  3933 | D:5      | Found a staircase to the Ecumenical Temple.
  3946 | D:5      | Reached skill level 6 in Axes
  3983 | D:6      | Reached XP level 8. HP: 42/45 MP: 8/8
  4054 | D:5      | Noticed a two-headed ogre
  4085 | D:5      | Demolished by a two-headed ogre

Illustrated notes

Levels and vault maps discovered:
D:1:      shiori_arrival_whats_in_store_for_you, layout_loops_ring,
          shapermc_ecumenical_altar_totnotflames
D:2:      minmay_general_purpose_star, layout_basic
D:3:      layout_loops_corners, minitemple
D:4:      layout_gridville, nicolae_gozag_seed_capital, gup_sewer_entry_glass,
          hangedman_abyss_or_decor_passed, minmay_misc_feat_room,
          minmay_crossroads, uniq_ijyb
D:5:      layout_layer_cave, minmay_temple_entry_butterflies,
          ebering_ghost_gozag, nicolae_shop_clearance
D:6:      layout_layer_cave

Skill      XL: |  1  2  3  4  5  6  7  8 |
---------------+-------------------------+-----
Axes           | 3 4 5 6 |  6.4
Fighting       | 4 5 |  5.7
Armour         | 1 2 3 4 |  4.0
Dodging        | 3 |  3.1
Stealth        | 3 |  3.2
Throwing       | |  0.6

Action                   |  1- 3 |  4- 6 |  7- 9 || total
-------------------------+-------+-------+-------++-------
Melee: Hand axe          |    94 |       |    45 ||   139
       War axe           |     3 |   147 |    43 ||   193
       Unarmed           |       |       |     1 ||     1
Throw: Dart              |       |     4 |     5 ||     9
Invok: Ancestor Life: Kn |       |       |     1 ||     1
  Use: Scroll            |     5 |     1 |     7 ||    13
       Potion            |       |     1 |     1 ||     2
 Stab: Sleeping          |     1 |       |       ||     1
       Distracted        |       |       |     1 ||     1
Armor: Robe              |     1 |       |       ||     1
       Scale mail        |    52 |    84 |    49 ||   185
Dodge: Dodged            |    66 |   122 |   106 ||   294
